 Dungeon Crawl Stone Soup version 0.30-a0-913-g9934a0ce24 (webtiles) character file.

Game seed: 6897472613691683870

107 DskReedErrur the Sneak (level 5, -2/40 HPs)
             Began as a Djinni Delver on Mar 19, 2023.
             Killed by divine providence
             ... invoked by an orc priest
              (14 damage)
             ... on level 2 of the Dungeon.
             The game lasted 00:16:29 (1085 turns).

DskReedErrur the Sneak (Djinni Delver)              Turns: 1085, Time: 00:16:32

Health: -2/40      AC:  3    Str: 11    XL:     5   Next: 11%
Gold:   67         EV: 13    Int: 12    God:
                   SH:  0    Dex: 22

rFire   + . .      SeeInvis .    d - +0 dagger
rCold   . . .      Faith    .    (no shield)
rNeg    . . .      Spirit   .    b - +0 leather armour
rPois   ∞          Reflect  .    (no helmet)
rElec   .          Rampage  .    (no cloak)
rCorr   .                        (no gloves)
Will    +....                    (boots unavailable)
Stlth   ++                       (no amulet)
HPRegen 0.26/turn                a - ring "Hajei" {Ice Will+ Dex+6 Stlth-}
MPRegen 0.00/turn                (no ring)

@: wereblooded, flying
A: sickness immunity, fire resistance 2, cold vulnerability 1, float, innate
caster, HP casting, extra vitality 1
a: no special abilities


You were on level 2 of the Dungeon.
You visited 1 branch of the dungeon, and saw 5 of its levels.

You collected 67 gold pieces.

Inventory:

Hand Weapons
 d - a +0 dagger (weapon)
Armour
 b - a +0 leather armour (worn)
Jewellery
 a - the ring "Hajei" (left hand) {Ice Will+ Dex+6 Stlth-}
   (You found it on level 2 of the Dungeon)

   [ring of ice]

   It enhances your ice magic.
   Dex:       It affects your dexterity (+6).
   rF:        It makes you vulnerable to fire.
   rC:        It protects you from cold.
   Will:      It increases your willpower.
   Stlth:     It makes you less stealthy.
Scrolls
 e - 2 scrolls of identify {unknown}
 f - a scroll of blinking {unknown}
Potions
 c - a potion of curing {unknown}
 g - a potion of flight {unknown}


   Skills:
 - Level 3.3 Fighting
 - Level 2.2 Short Blades
 + Level 2.9 Dodging
 + Level 4.4 Stealth
 * Level 1.9 Spellcasting


You knew the following spells:

 Your Spells              Type           Power      Damage    Failure   Level
a - Freeze                Ice            32%        1d5       16%         1
b - Wereblood             Tmut           5%         N/A       24%         2
Your spell library was empty.

Dungeon Overview and Level Annotations

Branches:
Dungeon (5/15)
 Temple: D:4-7

Altars:
Fedhas
Okawaru

Shops:
D:2 (

Annotations:
D:3 Sigmund
D:5 Edmund


Innate Abilities, Weirdness & Mutations

You are immune to sickness and miasma.
You are immune to poison.
Your flesh is very heat resistant. (rF++)
You are vulnerable to cold. (rC-)
You float through the air rather than walking.
You learn spells naturally, not from books.
Your magical power is your life essence.
You have superior vitality. (+4 MHP)


Message History

Press: ? - help, Shift-Dir - straight line, f/p - orc priest
Aim: an orc priest, wielding a +0 hand axe (moderately wounded)
You feel a surge of power!
You freeze the orc priest.
The orc priest is severely wounded.
The orc priest misses you.
Casting: Freeze (safe; 19% risk of failure)
Confirm with . or Enter, or press ? or * to list all spells.
Aiming: Freeze (safe; 19% risk of failure)
Press: ? - help, Shift-Dir - straight line, f/p - orc priest
Aim: an orc priest, wielding a +0 hand axe (severely wounded)
You feel a surge of power!
You freeze the orc priest.
The orc priest is severely wounded.
The orc priest hits you with a +0 hand axe.
Casting: Freeze (safe; 19% risk of failure)
Confirm with . or Enter, or press ? or * to list all spells.
Aiming: Freeze (safe; 19% risk of failure)
Press: ? - help, Shift-Dir - straight line, f/p - orc priest
Aim: an orc priest, wielding a +0 hand axe (severely wounded)
You feel a surge of power!
You freeze the orc priest.
The orc priest is severely wounded.
The orc priest mumbles some strange prayers to Beogh against you.
Pain shoots through your body!
Casting: Freeze (safe; 19% risk of failure)
Confirm with . or Enter, or press ? or * to list all spells.
Aiming: Freeze (safe; 19% risk of failure)
Press: ? - help, Shift-Dir - straight line, f/p - orc priest
Aim: an orc priest, wielding a +0 hand axe (severely wounded)
You feel a surge of power!
You freeze the orc priest.
You kill the orc priest!
The orc priest closely misses you.
You have reached level 5!
The power to cast Wereblood wells up from within.
Spell assigned to 'b'.
Casting: Freeze (safe; 16% risk of failure)
Confirm with . or Enter, or press ? or * to list all spells.
Your blood is infused with primal strength.
* * * LOW HITPOINT WARNING * * *
The orc priest calls down the wrath of Beogh upon you.
Beogh smites you!
You die...

##..#. #...###.####. #
#..#.###............ #..
#..#................ #####
#...o###..#...........#.##. .....
....oo..o.#.###..####.#.##. ####.
#..##o##.........####...... # ..
#....###..##...#.##. ####.###.#
#.######............ ........
##.##.)@..##..##.....##.
...............o..<##..####.#.##.
####.###.##.#####..##..........#.
### # # #..##..###.....#. ..#
#####......# #.....#. .....
#......##..# #...#.#. .....
#<.....##..# #...#.#. #..#.
#........##..####...... #..#
.##......##..#.........


You could see an orc priest.

Vanquished Creatures
  A hound (D:5)
  An orc priest (D:2)
  2 adders
  4 orcs
  An endoplasm (D:3)
  2 giant cockroaches
  2 goblins (D:2)
  2 hobgoblins (D:2)
  2 jackals (D:2)
  A kobold (D:2)
  2 ball pythons (D:2)
  5 bats (D:2)
  A frilled lizard (D:3)
26 creatures vanquished.

Vanquished Creatures (others)
  2 plants (D:5)
2 creatures vanquished.

Grand Total: 28 creatures vanquished

Notes
Turn   | Place    | Note
-------+----------+-------------------------------------------
     0 | D:5      | DskReedErrur the Djinni Delver began the quest for the Orb.
     0 | D:5      | Reached XP level 1. HP: 20/20 MP: 0/0
    20 | D:5      | Noticed a hound
    41 | D:5      | Killed a hound
    42 | D:5      | Reached XP level 2. HP: 13/25 MP: 0/0
    42 | D:5      | Reached XP level 3. HP: 15/30 MP: 0/0
    42 | D:5      | Learned a level 1 spell: Freeze
    53 | D:5      | Noticed Edmund
    55 | D:5      | Found an iron altar of Okawaru.
    71 | D:4      | Noticed a scorpion
   215 | D:3      | Noticed Sigmund
   269 | D:3      | Found a blossoming altar of Fedhas.
   449 | D:2      | Found Qiosch's Antique Weapon Boutique.
   514 | D:2      | Reached skill level 1 in Spellcasting
   514 | D:2      | Reached XP level 4. HP: 35/35 MP: 0/0
   548 | D:2      | Identified the ring "Hajei" {Ice Will+ Dex+6 Stlth-}
  1085 | D:2      | Reached XP level 5. HP: 13/40 MP: 0/0
  1085 | D:2      | Learned a level 2 spell: Wereblood
  1085 | D:2      | Killed from afar by an orc priest

Illustrated notes

Levels and vault maps discovered:
D:1:      lightli_arrival_boilingwater, layout_basic
D:2:      wad_river_or_something, layout_basic, serial_shops, shop
D:3:      minmay_inner_zag, layout_basic, zin_treasury,
          mainiacjoe_overflow_surrounded_room, nicolae_hepliaklqana_hippocampus,
          fedhas_altar_1, mainiacjoe_overflow_swirl,
          gammafunk_temple_overflow_wave, uniq_sigmund
D:4:      gammafunk_steamed_eel, layout_basic, lemuel_tele_altar, tso_altar,
          uniq_pikel
D:5:      layout_loops_ring, okawaru_gym_becter, serial_bayou,
          serial_bayou_crossing, serial_bayou_shore_a, serial_bayou_pond_c,
          serial_bayou_ford_a, st_stairs_12, amethyst_killhole, uniq_grinder,
          uniq_menkaure, uniq_eustachio, uniq_edmund, uniq_duvessa

Skill      XL: |  1  2  3 |
---------------+----------+-----
Short Blades   | 2 |  2.2
Spellcasting   | 1 |  1.9
Fighting       | |  3.3
Dodging        | |  2.9
Stealth        | |  4.4

Action                     |  1- 3 |  4- 6 || total
---------------------------+-------+-------++-------
  Melee: Short sword       |    38 |    10 ||    48
         Dagger            |       |    32 ||    32
   Cast: Freeze            |     5 |    15 ||    20
         Wereblood         |       |     1 ||     1
  Evoke: Wand              |     3 |       ||     3
    Use: Scroll            |     3 |       ||     3
         Potion            |     1 |       ||     1
   Stab: Sleeping          |     3 |     2 ||     5
 Armour: Leather armour    |    21 |    12 ||    33
  Dodge: Dodged            |    34 |    49 ||    83

Table legend: (Time is in decaauts)
 A = Elapsed time spent in this place.
 B = Non-inter-level travel time spent in this place.
 C = Inter-level travel time spent in this place.
 D = Time resting spent in this place.
 E = Time spent auto-exploring this place.
 F = Levels seen in this place.
 G = Mean time per level.
                   A        B        C        D        E       F      G
               +--------+--------+--------+--------+--------+-----+--------+
         Total |   1063 |   1044 |     19 |    320 |    272 |   5 |  212.6 |
       Dungeon |   1063 |   1044 |     19 |    320 |    272 |   5 |  212.6 |
               +--------+--------+--------+--------+--------+-----+--------+

Top non-repeatable levels by time:
     D:2: 590 daAuts
     D:1: 178 daAuts
     D:3: 130 daAuts
     D:4: 94 daAuts
     D:5: 69 daAuts
